 Dungeon Crawl Stone Soup version 0.30-a0-122-g2a1322497e (webtiles) character file.

Game seed: 3428865892407276160

6 BritishOli the Trooper (level 1, 0/18 HPs)
             Began as a Demonspawn Fighter on Sept 17, 2022.
             Slain by a jackal (1 damage)
             ... on level 1 of the Dungeon.
             The game lasted 00:00:08 (184 turns).

BritishOli the Trooper (Demonspawn Fighter)          Turns: 184, Time: 00:00:08

Health: 0/18       AC:  6    Str: 16    XL:     1   Next: 75%
Magic:  1/1        EV:  8    Int:  9    God:
Gold:   17         SH:  4    Dex: 12    Spells: 0/0 levels left

rFire   . . .      SeeInvis .    a - +0 long sword
rCold   . . .      Faith    .    c - +0 buckler
rNeg    . . .      Spirit   .    b - +0 scale mail
rPois   .          Reflect  .    (no helmet)
rElec   .          Harm     .    (no cloak)
rCorr   .          Rampage  .    (no gloves)
Will    .....                    (no boots)
Stlth   ..........               (no amulet)
HPRegen 0.06/turn                (no ring)
MPRegen 0.07/turn                (no ring)

@: no status effects
A: no striking features
a: no special abilities


You were on level 1 of the Dungeon.
You visited 1 branch of the dungeon, and saw 1 of its levels.

You collected 17 gold pieces.

Inventory:

Hand Weapons
 a - a +0 long sword (weapon)
Armour
 b - a +0 scale mail (worn)
 c - a +0 buckler (worn)
Potions
 d - a potion of might


   Skills:
 + Level 3.1 Fighting
 + Level 1.9 Long Blades
 + Level 2.8 Armour
 + Level 2.8 Shields


You couldn't memorise any spells.
You didn't know any spells.
Your spell library contained the following spells:

 Spells                   Type           Power      Damage    Failure   Level
 Call Canine Familiar     Summ           0%         N/A       99%         3
 Portal Projectile        Hex/Tloc       0%         N/A       99%         3
 Leda's Liquefaction      Hex/Erth       0%         N/A       100%        4


Dungeon Overview and Level Annotations

Branches:
Dungeon (1/15)

Altars:


Message History

The jackal bites you but does no damage.
The jackal barely misses you. The jackal bites you.
The jackal bites you but does no damage. x2
The jackal bites you.
You hit the jackal.
The jackal is heavily wounded.
The jackal closely misses you. The jackal bites you.
The jackal bites you but does no damage.
The jackal bites you.
The jackal bites you but does no damage.
The jackal barely misses you. The jackal attacks as you move away!
The jackal bites you but does no damage.
The jackal bites you.
* * * LOW HITPOINT WARNING * * *
The jackal attacks as you move away! The jackal bites you.
* * * LOW HITPOINT WARNING * * *
The jackal attacks as you move away! The jackal closely misses you.
The jackal bites you.
* * * LOW HITPOINT WARNING * * *
You hit the jackal but do no damage.
The jackal bites you but does no damage.
You block the jackal's attack.
You miss the jackal. You block the jackal's attack.
The jackal bites you but does no damage.
You hit the jackal but do no damage.
The jackal bites you but does no damage.
The jackal barely misses you.
You slash the jackal!
You kill the jackal!
The jackal closely misses you.
You slash the jackal!
You kill the jackal!
The jackal barely misses you.
You barely miss the jackal.
The jackal bites you but does no damage. x2
You hit the jackal.
The jackal is moderately wounded.
The jackal closely misses you. The jackal bites you.
You die...

.> .........####... #.
................ #.##
.........#######
######..##.........#######
#......†.#.........###÷#8#
#......#..#######.##8#'#.#
#......##.# #..'......
....... #h# ##.'......
####### #@## ###8#'#.#
###..## ###<#8# #.....####
###### #........##
#.....##..##########
#.....###.##........
#.....# #..#........
#.....####.#........
#..........#........


You could see a jackal.

Vanquished Creatures
  3 jackals (D:1)
  A quokka (D:1)
  A rat (D:1)
5 creatures vanquished.

Notes
Turn   | Place    | Note
-------+----------+-------------------------------------------
     0 | D:1      | BritishOli the Demonspawn Fighter began the quest for the
                  | Orb.
     0 | D:1      | Reached XP level 1. HP: 18/18 MP: 1/1
   184 | D:1      | Slain by a jackal

Illustrated notes

Levels and vault maps discovered:
D:1:      wander_arrival_abandoned_jail, layout_basic,
          shapermc_ecumenical_altar_totnotflames, serial_bayou_crossing

Action                   || total
-------------------------++-------
Melee: Long sword        ||    21
Armor: Scale mail        ||    31
Dodge: Dodged            ||    22
Block: Buckler           ||     3

Table legend: (Time is in decaauts)
 A = Elapsed time spent in this place.
 B = Non-inter-level travel time spent in this place.
 C = Inter-level travel time spent in this place.
 D = Time resting spent in this place.
 E = Time spent auto-exploring this place.
 F = Levels seen in this place.
 G = Mean time per level.
                   A        B        C        D        E       F      G
               +--------+--------+--------+--------+--------+-----+--------+
         Total |    191 |    191 |      0 |      0 |    145 |   1 |  191.0 |
       Dungeon |    191 |    191 |      0 |      0 |    145 |   1 |  191.0 |
               +--------+--------+--------+--------+--------+-----+--------+

Top non-repeatable levels by time:
     D:1: 191 daAuts
